 Dungeon Crawl Stone Soup version 0.19.4-8-ga85b6b9 (webtiles) character file.

24 Gargoyl the Skirmisher (level 3, -12/30 (31) HPs)
             Began as a Ghoul Abyssal Knight on Feb 7, 2017.
             Was a Follower of Lugonu.
             Engulfed by a cloud of flame (22 damage)
             ... on level 2 of the Dungeon.
             The game lasted 00:02:43 (1029 turns).

Gargoyl the Skirmisher (Ghoul Abyssal Knight)       Turns: 1029, Time: 00:02:44

HP:   -12/30 (31)   AC:  6    Str: 15    XL:     3   Next: 2%
MP:   3/3           EV: 12    Int:  9    God:    Lugonu [*.....]
Gold: 172           SH:  0    Dex: 14    Spells: 0 memorised, 2 levels left

rFire  . . .     SeeInvis .     a - +1 hand axe
rCold  + . .     Gourm    .     g - +1 steam dragon scales
rNeg   + + +     Faith    .     (no shield)
rPois  ∞         Spirit   .     (no helmet)
rElec  .         Reflect  .     (no cloak)
rCorr  .         Harm     .     (no gloves)
MR     .....                    (no boots)
Stlth  +.........               (no amulet)
                                f - +2 ring of intelligence
                                e - +5 ring of dexterity

@: rotting
A: rotting body, claws 1, carnivore 3, cold resistance 1, negative energy
resistance 3, slow regeneration 1, torment resistance, unbreathing
a: Depart the Abyss, Renounce Religion


You were on level 2 of the Dungeon.
You worshipped Lugonu.
Lugonu was aware of your devotion.
You were not hungry.

You visited 1 branch of the dungeon, and saw 2 of its levels.
You visited the Abyss 1 time.

You collected 172 gold pieces.

Inventory:

Hand Weapons
 a - a +1 hand axe (weapon)
Armour
 g - +1 steam dragon scales (worn)
Jewellery
 e - a +5 ring of dexterity (left claw)
 f - a +2 ring of intelligence (right claw)
 j - a +2 ring of strength {unknown}
Potions
 i - a potion of cancellation {unknown}
Comestibles
 c - a meat ration


   Skills:
 + Level 3.6 Fighting
 + Level 2.0 Axes
 * Level 2.0 Armour
 + Level 1.3 Dodging
 * Level 2.4 Invocations


You had 2 spell levels left.
You didn't know any spells.

Dungeon Overview and Level Annotations

Branches:
Dungeon (2/15)

Altars:


Innate Abilities, Weirdness & Mutations

Your body is rotting away.
You thrive on raw meat.
You are immune to poison.
You have sharp fingernails.
You are carnivorous and can eat meat at any time.
Your flesh is cold resistant. (rC+)
You are immune to negative energy. (rN+++)
You regenerate slowly when monsters are visible.
You are immune to unholy pain and torment.
You can survive without breathing.


Message History

A frilled lizard comes into view.
The frilled lizard hisses angrily.
There is a stone staircase leading up here.
As you read the scroll labeled FAESIJEUTOI, it crumbles to dust.
The creatures around you are filled with an inner flame!
It was a scroll of immolation.
Found 15 gold pieces.
The frilled lizard bites you.
There is a stone staircase leading up here.
You barely miss the frilled lizard.
The frilled lizard bites you but does no damage.
You slash the frilled lizard!
The frilled lizard explodes!
The fiery explosion engulfs you!
Ouch! That really hurt!
Lugonu accepts your kill.
Your Armour skill increases to level 2!
You are engulfed in roaring flames.
Ouch! That really hurt!
You die...

.. #.# #.. ..##
..# #.##
#.#####§§######$
.......@§§......
..##.###.§#####.
##.......
....... ......#
......# ......#
......# ##.####


There were no monsters in sight!

Vanquished Creatures
  A dart slug (D:1)
  A leopard gecko (D:1)
  3 goblins (D:1)
  2 hobgoblins (D:1)
  3 jackals (D:1)
  4 bats (D:1)
  A frilled lizard (D:2)
  A kobold (D:1)
  4 rats (D:1)
20 creatures vanquished.

Notes
Turn   | Place    | Note
-------+----------+-------------------------------------------
     0 | Abyss:1  | Gargoyl the Ghoul Abyssal Knight began the quest for the Orb.
     0 | Abyss:1  | Reached XP level 1. HP: 19/19 MP: 1/1
    33 | Abyss:2  | Found a corrupted altar of Lugonu.
   117 | Abyss:2  | Noticed an ancient zyme
   149 | Abyss:2  | Found a corrupted altar of Lugonu.
   150 | Abyss:2  | Noticed a freezing wraith
   151 | D:1      | Escaped the Abyss
   270 | D:1      | Reached * piety under Lugonu
   330 | D:1      | Reached skill level 1 in Dodging
   333 | D:1      | Reached XP level 2. HP: 21/26 MP: 2/2
   969 | D:1      | Reached XP level 3. HP: 31/31 MP: 3/3
  1029 | D:2      | Engulfed by a cloud of flame

Skill      XL: |  1  2  3 |
---------------+----------+-----
Dodging        | 1 |  1.3
Axes           | 2 |  2.0
Armour         | 2 |  2.0
Fighting       | |  3.6
Invocations    | |  2.4

Action                   || total
-------------------------++-------
Melee: Hand axe          ||    47
Invok: Depart the Abyss  ||     1
  Use: Scroll            ||     4
  Eat: Chunk             ||     8
Armor: Steam dragon scal ||    26
Dodge: Dodged            ||    41
